 Dungeon Crawl Stone Soup version 0.26-a0-1147-g3780a7a11b (webtiles) character file.

Game seed: 4219610785416443668

6 melloss the Firebug (level 1, 0/10 HPs)
             Began as a Deep Elf Fire Elementalist on Dec 22, 2020.
             Slain by a hobgoblin
             ... wielding a cursed -1 club
              (4 damage)
             ... on level 1 of the Dungeon.
             The game lasted 00:01:34 (255 turns).

melloss the Firebug (Deep Elf Fire Elementalist)     Turns: 255, Time: 00:01:35

Health: 0/10       AC:  3    Str:  5    XL:     1   Next: 75%
Magic:  4/6        EV: 13    Int: 19    God:
Gold:   8          SH:  0    Dex: 15    Spells: 5/6 levels left

rFire    . . .     SeeInvis .   e - +0 short sword
rCold    . . .     Faith    .   (no shield)
rNeg     . . .     Spirit   .   a - +0 robe
rPois    .         Reflect  .   (no helmet)
rElec    .         Harm     .   (no cloak)
rCorr    .         Rampage  .   f - +0 pair of gloves
Will     .....                  (no boots)
Stlth    ++........             (no amulet)
HPRegen  0.03/turn              (no ring)
MPRegen  0.10/turn              (no ring)

@: no status effects
A: no striking features
a: no special abilities


You were on level 1 of the Dungeon.
You visited 1 branch of the dungeon, and saw 1 of its levels.

You collected 8 gold pieces.

Inventory:

Hand Weapons
 e - a +0 short sword (weapon)
Armour
 a - a +0 robe (worn)
 f - a +0 pair of gloves (worn)
Scrolls
 d - a scroll of remove curse {unknown}
Potions
 b - 2 potions of resistance {unknown}
 c - a potion of might {unknown}


   Skills:
 - Level 2.4 Dodging
 - Level 2.4 Stealth
 - Level 3.0 Spellcasting
 * Level 1.8 Conjurations
 + Level 3.4 Fire Magic


You had 5 spell levels left.
You knew the following spells:

 Your Spells              Type           Power        Failure   Level
a - Foxfire               Conj/Fire      48%          5%          1

Your spell library contained the following spells:

 Spells                   Type           Power        Failure   Level
 Conjure Flame            Conj/Fire      12%          16%         3
 Inner Flame              Hex/Fire       9%           22%         3
 Sticky Flame             Conj/Fire      12%          45%         4
 Fireball                 Conj/Fire      6%           82%         5


Dungeon Overview and Level Annotations

Branches:
Dungeon (1/15)

Altars:


Message History

You conjure some foxfire!
You conjure some foxfire!
The foxfire hits the hobgoblin but does no damage.
The foxfire hits the hobgoblin.
The hobgoblin is heavily wounded.
The hobgoblin hits you with a cursed -1 club.
Ouch! That really hurt!
Your foxfire dissipates!
You are too injured to fight recklessly!
The hobgoblin hits you but does no damage.
You are too injured to fight recklessly!
Casting: Foxfire (safe; 5% risk of failure)
Press: ? - help, Q - select action Dir - look around, f - activate Look: a hobgoblin, wielding a -1 club You conjure some foxfire!
The hobgoblin hits you but does no damage.
Your foxfire dissipates!
You barely miss the hobgoblin.
The hobgoblin hits you with a cursed -1 club.
You die...

..####....#######....
###.## ###.. #.# #.#
#.# #.# #.# #.. #.#
##. #####.# ##.
#.....# #.. #@#####
#^# #g# #. #.# #. #.#
#. #.# #.# ####.#
..#.# #.#.#


You could see a hobgoblin.

Vanquished Creatures
  A leopard gecko (D:1)
  2 goblins (D:1)
  A kobold (D:1)
  A rat (D:1)
5 creatures vanquished.

Vanquished Creatures (others)
  14 foxfires (D:1)
14 creatures vanquished.

Grand Total: 19 creatures vanquished

Notes
Turn   | Place    | Note
-------+----------+-------------------------------------------
     0 | D:1      | melloss the Deep Elf Fire Elementalist began the quest for
                  | the Orb.
     0 | D:1      | Reached XP level 1. HP: 10/10 MP: 6/6
   255 | D:1      | Slain by a hobgoblin

Illustrated notes

Levels and vault maps discovered:
D:1:      minmay_arrival_open_corners, layout_loops_ring

Action                   || total
-------------------------++-------
Melee: Short sword       ||     1
 Cast: Foxfire           ||    15
Armor: Robe              ||     3

Table legend: (Time is in decaauts)
 A = Elapsed time spent in this place.
 B = Non-inter-level travel time spent in this place.
 C = Inter-level travel time spent in this place.
 D = Time resting spent in this place.
 E = Time spent auto-exploring this place.
 F = Levels seen in this place.
 G = Mean time per level.
                   A        B        C        D        E       F      G
               +--------+--------+--------+--------+--------+-----+--------+
         Total |    254 |    254 |      0 |      0 |    182 |   1 |  254.0 |
       Dungeon |    254 |    254 |      0 |      0 |    182 |   1 |  254.0 |
               +--------+--------+--------+--------+--------+-----+--------+

Top non-repeatable levels by time:
     D:1: 254 daAuts
